Unix xNetHack Version 8.0.0 - last build Jan 14 2024 16:46:22 (be4d3c81716514284228e1a23197c27ddb32b841). Game began 2024-03-02 20:49:06, ended 2024-03-02 21:07:38. Catomat, chaotic female elven Wizard ------------ ---------------- |...........### |...............# |....*.....| ### --------- |..............|# #............ #### *?++[[)[| --------- |..............|# #------------ # ."/!)[?[[| ........| --------.-------# #### #d#-.(?[0/)*"| |...>...| # # # @ # .((=[**!+| +...[...| # ## # # # /(=???[=| # |.......| # #### ##### # %?)(?[%?| #####........| ## # # # --------- ##### |.......| ### # ## ###)#######%#+# --------- ---|- ## #### |...|#####----------- # |...|# #|.........-## |...-# #|.<.......| |...| #|.........| ----- #-.........| ----------- Catomat the Conjurer St:6 Dx:15 Co:16 In:17 Wi:11 Ch:9 Chaotic S:472 Dlvl:3 $:46 HP:0(17) Pw:29(29) AC:9 Exp:3 T:1289 Hungry Latest messages: The displacer beast throws a crude dagger! The crude dagger hits the winged grizzly. The first category perpetual motion device bites the Wintersmith. The phoenix is killed! The poorly balanced monster picks up a crude dagger. The red naga drops a crude dagger. You hear some noises in the distance. You already found a monster. Use 'm' prefix to force another search. You already found a monster. Use 'm' prefix to force another search. You already found a monster. Use 'm' prefix to force another search. You already found a monster. Use 'm' prefix to force another search. You already found a monster. Use 'm' prefix to force another search. You already found a monster. Use 'm' prefix to force another search. You already found a monster. Use 'm' prefix to force another search. You already found a monster. Use 'm' prefix to force another search. You already found a monster. Use 'm' prefix to force another search. You already found a monster. Use 'm' prefix to force another search. You already found a monster. Use 'm' prefix to force another search. You already found a monster. Use 'm' prefix to force another search. You miss the leocrotta. The orange dragon eeps! You bash the other hallucinating NetHack character. The lichen eeps! You pound the dog. You already found a monster. Use 'm' prefix to force another search. Everything looks SO boring now. You hear a pick striking rock. You stop. Mewmew is in the way! You see here a crude dagger. You see here a curved sword. You descend the stairs. Wizard needs food, badly! What do you want to eat? [ik-muv or ?*] You consume the last bite of your meal. You only feel hungry now. You finish eating the lichen corpse. A little dog suddenly appears close by! The little dog bites! You pound the little dog. The little dog bites! You hit the little dog. The little dog bites! The little dog bites! You stop. Mewmew is in the way! The little dog bites! The little dog bites! You die... Do you want your possessions identified? [ynq] (y) Do you want to see your attributes? [ynq] (y) Do you want an account of creatures vanquished? [ynaq] (y) Inventory: Inventory: 520/600 weight (25/52 slots) Coins $ - 46 gold pieces {1} Weapons r - a +0 dagger (at the ready) {10} a - a blessed +1 quarterstaff (weapon in hands) {40} Armor b - an uncursed +0 cloak of magic resistance (being worn) {8} C - an uncursed +0 leather light armor {150} Comestibles l - 2 uncursed carrots {4} u - 3 uncursed lembas wafers {15} i - 2 uncursed pears {4} m - 2 uncursed tripe rations {20} v - 2 uncursed eggs {2} Scrolls x - a cursed scroll of confuse monster {5} D - a blessed scroll of destroy armor {5} n - an uncursed scroll of magic mapping {5} Spellbooks f - an uncursed spellbook of detect unseen {40} c - a blessed spellbook of force bolt {35} d - a blessed spellbook of magic missile {40} e - an uncursed spellbook of protection {35} Potions q - an uncursed potion of hallucination {20} t - an uncursed potion of invisibility {20} y - an uncursed potion of monster detection {20} p - an uncursed potion of speed {20} Rings A - a cursed ring of teleportation {3} Wands j - a wand of striking (0:6) {7} Tools g - an uncursed bugle {10} Gems/Stones s - an uncursed black opal {1} o - an uncursed garnet stone {1} Catomat the Wizard's attributes: Background: You were a Conjurer, a level 3 female elven Wizard. You were chaotic, nominally on a mission for Anhur who was opposed by Ptah (lawful) and Thoth (neutral). You were heterosexual. You were in the Dungeons of Doom, on level 3. You entered the dungeon 1289 turns ago. You had 79 experience points, 1 more was needed to attain level 4. Your score was 472 before end-of-game adjustments. Basics: You had 0 out of 17 hit points. You had all 29 energy points (spell power). Your armor class was 9. Your wallet contained 46 zorkmids. Autopickup was on for '$"?!=/' plus thrown. Final Characteristics: Your strength was 6 (peak:9, limit:18). Your dexterity was 15 (limit:18). Your constitution was 16 (limit:16). Your intelligence was 17 (limit:20). Your wisdom was 11 (limit:20). Your charisma was 9 (limit:18). Final Status: You were hungry. You were unencumbered. You were wielding a quarterstaff. You had basic skill with quarterstaff. Final Attributes: You were devoutly aligned. You were magic-protected. You had infravision. You were warded. You are dead. Miscellaneous: You never encountered a bones level. Total elapsed playing time was 18 minutes and 30 seconds. Major events: Turn 1: Catomat the chaotic female elven Wizard entered the dungeon 506: entered the Gnomish Mines 764: attained the rank of Conjurer (level 3) 1289: killed by a little dog Vanquished creatures: a floating eye a homunculus a gas spore a hobbit a large kobold a yellow mold a gnome 3 jackals a fox 6 goblins 5 grid bugs 4 lichens a kobold zombie 2 newts 29 creatures vanquished. No species were genocided or became extinct. Voluntary challenges: You were an atheist. You read items or engraved 2 times. You never genocided any monsters. You never polymorphed an object. You never changed form. You never touched an artifact. You used no wishes. You never scared an enemy with impunity. You were celibate. You never generated conflict. Achievements: You entered the Gnomish Mines. You attained the rank of Conjurer. Dungeon overview: The Dungeons of Doom: levels 1 to 3 Level 1: "vault" A fountain. Level 2: A sink. Stairs down to The Gnomish Mines. Level 3: <- You were here. Final resting place for you, killed by a little dog. The Gnomish Mines: Level 3: Game over: __________ / \ / REST \ / IN \ / PEACE \ / \ | Catomat | | 46 Au | | killed by a | | little dog | | | | | | 2024 | *| * * * | * _________)/\\_//(\/(/\)/\//\/|_)_______ Goodbye Catomat the Wizard... You died in The Dungeons of Doom on dungeon level 3 with 468 points, and 46 pieces of gold, after 1289 moves. You were level 3 with a maximum of 17 hit points when you died.